 Dungeon Crawl Stone Soup version 0.28-a0-938-gbc3f381ebc (webtiles) character file.

Game seed: 6119021480627191814

485 enile the Covered (level 7, -3/54 HPs)
             Began as a Formicid Arcane Marksman on Nov 29, 2021.
             Was a Priest of Cheibriados.
             Slain by an orc (4 damage)
             ... on level 7 of the Dungeon.
             The game lasted 00:15:14 (5496 turns).

enile the Covered (Formicid Arcane Marksman)        Turns: 5496, Time: 00:15:14

Health: -3/54      AC:  7    Str: 20 (22) XL:     7   Next: 35%
Magic:  0/8        EV: 11    Int: 22 (25) God:    Cheibriados [***...]
Gold:   130        SH:  0    Dex: 15 (17) Spells: 7/8 levels left

rFire   . . .      SeeInvis +   b - +1 dagger (venom)
rCold   + . .      Faith    .   (no shield)
rNeg    . . .      Spirit   .   g - +1 ring mail {rC+}
rPois   .          Reflect  .   (helmet unavailable)
rElec   .          Harm     .   (no cloak)
rCorr   .          Rampage  .   (no gloves)
Will    .....                   (no boots)
Stlth   +.........              (no amulet)
HPRegen 0.18/turn               j - +6 ring of intelligence
MPRegen 0.11/turn               (no ring)

@: lethally poisoned (-3 -> -8), very slow
A: permanent stasis, dig shafts and tunnels, antennae 3, four strong arms
a: Dig, Shaft Self, Renounce Religion, Bend Time, Temporal Distortion


You were on level 7 of the Dungeon.
You worshipped Cheibriados.
Cheibriados was most pleased with you.
You visited 1 branch of the dungeon, and saw 5 of its levels.

You collected 130 gold pieces.

Inventory:

Hand Weapons
 b - a +1 dagger of venom (weapon)
 c - a +2 dagger of draining
 d - a +0 dagger
 h - a +0 short sword
Missiles
 m - 73 stones
 r - 3 javelins (quivered)
 s - a throwing net
 v - 37 poisoned darts
Armour
 a - a +0 robe
 g - a +1 ring mail of cold resistance (worn)
 t - a +0 chain mail
 w - a +0 pair of boots
Jewellery
 j - a +6 ring of intelligence (left hand)
Wands
 p - a wand of digging (6)
 q - a wand of paralysis (3)
Scrolls
 f - 3 scrolls of identify {unknown}
 i - a scroll of vulnerability {unknown}
 k - a scroll of fear {unknown}
 n - a scroll of magic mapping {unknown}
 o - a scroll of amnesia {unknown}
 u - a scroll of teleportation


   Skills:
 - Level 4.0 Fighting
 - Level 3.0 Short Blades
 + Level 2.0 Throwing
 - Level 5.0 Armour
 - Level 2.0 Dodging
 - Level 2.0 Stealth
 - Level 1.1 Spellcasting
 - Level 4.0 Hexes


You had 7 spell levels left.
You knew the following spells:

 Your Spells              Type           Power      Damage    Failure   Level
a - Slow                  Hex            72%        N/A       4%          1

Your spell library contained the following spells:

 Spells                   Type           Power      Damage    Failure   Level
 Inner Flame              Hex/Fire       10%        N/A       32%         3
 Portal Projectile        Hex/Tloc       20%        N/A       32%         3
 Passwall                 Tmut/Erth      0%         N/A       36%         2
 Sublimation of Blood     Necr           1%         N/A       36%         2
 Cause Fear               Hex            9%         N/A       43%         4
 Petrify                  Tmut/Erth      1%         N/A       94%         4
 Irradiate                Conj/Tmut      0%         3d13      100%        5
 Swiftness                Air            Unusable   N/A       N/A         3

Dungeon Overview and Level Annotations

Branches:
Dungeon (4/15)
 Temple: D:4-7

Altars:
Cheibriados

Annotations:
D:3 2 transporters, AmazingEquinox's ghost, amateur MiBe
D:4 Ijyb


Innate Abilities, Weirdness & Mutations

You cannot be hasted, slowed, berserked, paralysed or teleported.
You can dig through walls and to a lower floor.
You have a pair of large antennae on your head. (SInv)
Your four strong arms can wield two-handed weapons with a shield.


Message History

It was a potion of degeneration.
There was something very wrong with that liquid.
You feel weakened.
You feel dopey.
You feel clumsy.
You feel very sick.
The water moccasin hisses angrily.
The orc hits you with a +0 dagger. The water moccasin closely misses you.
The orc priest hits you with a +0 dagger.
The orc hits you but does no damage.
As you read the scroll labelled FIOT WUOPUEG, it crumbles to dust.
Wisps of shadow whirl around you...
It was a scroll of summoning.
You feel sick. The water moccasin bites you!
* * * LOW HITPOINT WARNING * * *
The orc closely misses you. The orc priest barely misses you.
The orc hits you but does no damage.
There are monsters nearby!
You warp the flow of time around you!
Cheibriados lowers the support of your attributes as your movement quickens.
You feel sick.
Your scorpion barely misses the orc priest.
The orc hits your scorpion but does no damage.
The orc priest hits you but does no damage.
Your scorpion stings the orc priest.
The orc hits your scorpion with a +0 flail.
Okay, then.
Are you sure you want to shaft yourself?
You feel sick.
Your scorpion stings the orc priest!
The orc warrior hits you with a +0 flail!
* * * LOW HITPOINT WARNING * * *
The orc hits you with a +2 vampiric dagger.
* * * LOW HITPOINT WARNING * * *
Your orc barely misses the water moccasin.
The orc hits your scorpion but does no damage.
The water moccasin bites your scorpion.
You begin to dig a shaft.
You continue digging a shaft.
* * * LOW HITPOINT WARNING * * *
You feel sick.
Your scorpion stings the water moccasin!
The orc priest hits your scorpion with a +0 dagger.
The orc warrior completely misses you.
The orc hits you with a +2 vampiric dagger.
You die...

#..## #.......# { #...#
#....# ##..## ##..#
#...# ##..## ##.)##
###..## #o..## ##...##
...###...###...#......
#.........##...#....>..
##.......os.@.##.......
#..).....Sooo## .......
........o...## .......
............# .......
............# ......
..........#..
.......##.... .....#
..... .## .#..


You could see an orc warrior, a water moccasin (ally target), an orc priest
(ally target), 2 orcs, a friendly scorpion (summoned) and a friendly orc
(summoned).

Vanquished Creatures
  Eustachio (D:4)
  A water moccasin skeleton (D:4)
  A hound (D:4)
  A gnoll shaman (D:4)
  An iguana (D:4)
  An orc wizard (D:3)
  3 gnolls (D:4)
  7 adders
  An adder skeleton (D:4)
  A worm (D:4)
  A dart slug (D:2)
  6 orcs
  9 endoplasms
  2 giant cockroaches
  3 goblins
  4 hobgoblins
  7 jackals
  8 kobolds
  4 quokkas (D:1)
  5 ball pythons
  10 bats
  3 frilled lizards
  4 rats
84 creatures vanquished.

Notes
Turn   | Place    | Note
-------+----------+-------------------------------------------
     0 | D:1      | enile the Formicid Arcane Marksman began the quest for the
                  | Orb.
     0 | D:1      | Reached XP level 1. HP: 15/15 MP: 2/2
   233 | D:1      | Reached XP level 2. HP: 5/22 MP: 3/3
  1071 | D:1      | Reached skill level 1 in Stealth
  1568 | D:1      | Reached XP level 3. HP: 26/27 MP: 1/4
  1920 | D:1      | Found a faded altar of an unknown god.
  1932 | D:1      | Prayed at the altar of an unknown god.
  1932 | D:1      | Became a worshipper of Cheibriados the Contemplative
  1932 | D:1      | Reached * piety under Cheibriados
  2008 | D:1      | Reached skill level 1 in Armour
  2763 | D:2      | Reached skill level 2 in Armour
  2763 | D:2      | Reached XP level 4. HP: 25/33 MP: 5/5
  3126 | D:2      | Reached ** piety under Cheibriados
  3639 | D:3      | Reached skill level 1 in Short Blades
  3639 | D:3      | Reached XP level 5. HP: 13/41 MP: 4/6
  4057 | D:3      | Reached skill level 3 in Armour
  4219 | D:3      | Found a transporter.
  4221 | D:3      | Noticed AmazingEquinox's ghost (amateur MiBe)
  4222 | D:3      | Found a transporter.
  4695 | D:4      | Reached *** piety under Cheibriados
  4696 | D:4      | Reached XP level 6. HP: 36/47 MP: 5/7
  4894 | D:4      | Noticed Eustachio
  4964 | D:4      | Killed Eustachio
  5189 | D:4      | Reached skill level 4 in Armour
  5189 | D:4      | Reached XP level 7. HP: 54/54 MP: 8/8
  5378 | D:4      | Reached skill level 5 in Armour
  5452 | D:4      | Noticed Ijyb
  5482 | D:7      | Noticed a water moccasin
  5496 | D:7      | HP: 1/54 [poisoned by a water moccasin]
  5496 | D:7      | Slain by an orc

Illustrated notes

Levels and vault maps discovered:
D:1:      sevenhm_arrival_forest_fort_small_4, layout_basic,
          basic_ecumenical_altar, chequers_serial_rivers_micro_d, moated_statue
D:2:      layout_loops_ring, minmay_misc_feat_tiny
D:3:      layout_basic, gammafunk_ghost_mausoleum
D:4:      layout_basic, uniq_eustachio, uniq_ijyb
D:7:      layout_cave_pods, minmay_temple_entry_mini_moons, uniq_harold

Skill      XL: |  1  2  3  4  5  6  7 |
---------------+----------------------+-----
Fighting       | 2 3 4 |  4.0
Dodging        | 2 |  2.0
Hexes          | 4 |  4.0
Stealth        | 1 2 |  2.0
Armour         | 2 3 4 5 |  5.0
Short Blades   | 1 2 3 |  3.0
Throwing       | |  2.0
Spellcasting   | |  1.1

Action                   |  1- 3 |  4- 6 |  7- 9 || total
-------------------------+-------+-------+-------++-------
Melee: Unarmed           |    46 |       |       ||    46
       Dagger            |   101 |   120 |    22 ||   243
       Short sword       |    36 |    98 |       ||   134
Throw: Javelin           |    10 |     8 |     3 ||    21
       Throwing net      |     4 |     1 |       ||     5
       Dart              |       |    10 |       ||    10
 Cast: Slow              |    13 |    29 |       ||    42
Invok: Temporal Distorti |       |       |     2 ||     2
 Abil: Dig               |       |     1 |       ||     1
       Shaft Self        |       |       |     1 ||     1
Evoke: Wand              |       |     2 |       ||     2
  Use: Potion            |     1 |     1 |     1 ||     3
       Scroll            |       |     2 |     1 ||     3
 Stab: Sleeping          |     2 |     2 |     1 ||     5
       Held in net/web   |     1 |       |       ||     1
Armor: Robe              |    39 |       |       ||    39
       Skin              |     1 |       |       ||     1
       Ring mail         |       |    76 |    12 ||    88
Dodge: Dodged            |   130 |   138 |    20 ||   288

Table legend: (Time is in decaauts)
 A = Elapsed time spent in this place.
 B = Non-inter-level travel time spent in this place.
 C = Inter-level travel time spent in this place.
 D = Time resting spent in this place.
 E = Time spent auto-exploring this place.
 F = Levels seen in this place.
 G = Mean time per level.
                   A        B        C        D        E       F      G
               +--------+--------+--------+--------+--------+-----+--------+
         Total |   6286 |   6124 |    162 |    220 |   4810 |   5 | 1257.2 |
       Dungeon |   6286 |   6124 |    162 |    220 |   4810 |   5 | 1257.2 |
               +--------+--------+--------+--------+--------+-----+--------+

Top non-repeatable levels by time:
     D:1: 2304 daAuts
     D:3: 1464 daAuts
     D:2: 1401 daAuts
     D:4: 1050 daAuts
     D:7: 65 daAuts
